 Dungeon Crawl Stone Soup version 0.24-a0-280-g7cec4da (webtiles) character file.

Game seed: 17899158853765365424

132090 Deaus the Thaumaturge (level 17, -15/103 HPs)
             Began as an Octopode Fire Elementalist on Mar 21, 2019.
             Was a High Priest of Vehumet.
             Demolished by a deep elf blademaster
             ... wielding a +0 rapier
              (22 damage)
             ... on level 3 of the Elven Halls on May 10, 2019.
             The game lasted 02:58:00 (35932 turns).

Deaus the Thaumaturge (Octopode Fire Elementalist) Turns: 35932, Time: 02:58:01

Health: -15/103    AC:  1    Str: 10    XL:     17   Next: 11%
Magic:  19/44      EV: 31    Int: 29    God:    Vehumet [*****.]
Gold:   2080       SH:  7    Dex: 18    Spells: 18/44 levels left

rFire    + . .     SeeInvis .   E - +4 dagger "Yxusiyc" {pierce, MR+ Str+2}
rCold    + + .     Gourm    .   k - +1 buckler
rNeg     + + .     Faith    .   (helmet restricted)
rPois    +         Spirit   .   F - amulet "Oseamuux" {Regen+ Int+2 Dex+6}
rElec    .         Reflect  .   c - ring of poison resistance
rCorr    .         Harm     .   w - ring of positive energy
MR       ++...                  u - +4 ring of evasion
Stlth    ++++++....             H - +2 ring of evasion
HPRegen  0.67/turn              W - ring of magical power
MPRegen  0.29/turn              z - ring "Kareck Ciog" {*Contam +Inv rC+ rN+ Int+3}
                                M - ring of Koollos {rC+ EV+5}
                                N - ring of protection from fire

@: studying Charms
A: almost no armour, stealthy swim, amphibious, 8 rings, constrict 8, camouflage
1, gelatinous body 1
a: Renounce Religion, Evoke Invisibility


You were on level 3 of the Elven Halls.
You worshipped Vehumet.
Vehumet was extremely pleased with you.
You were hungry.

You visited 5 branches of the dungeon, and saw 23 of its levels.
You visited the Abyss 1 time.
You also visited: Sewer and Gauntlet.

You collected 2320 gold pieces.
You spent 240 gold pieces at shops.

Inventory:

Hand Weapons
 d - the cursed +0 short sword "Gauril" {venom, +Fly rF+ Str-4}
   (You took it off a deep elf death mage on level 3 of the Elven Halls)

   It poisons the flesh of those it strikes.
   It affects your strength (-4).
   It protects you from fire.
   It lets you fly.
   It has a curse placed upon it.
 E - the +4 dagger "Yxusiyc" (weapon) {pierce, MR+ Str+2}
   (You found it on level 9 of the Dungeon)

   It inflicts extra damage upon your enemies.
   It affects your strength (+2).
   It affects your resistance to hostile enchantments.
 K - the +11 spear "Cazetir" {flame, rElec rF- Str+8}
   (You took it off a deep elf death mage on level 3 of the Elven Halls)

   It has been specially enchanted to burn those struck by it, causing extra
   injury to most foes and up to half again as much damage against particularly
   susceptible opponents.
   It affects your strength (+8).
   It makes you vulnerable to fire.
   It insulates you from electricity.
 Q - the +8 glaive of the Guard {elec, +Rage AC+5 SInv}
   (You took it off a deep elf demonologist on level 3 of the Elven Halls)

   Occasionally, upon striking a foe, it will discharge some electrical energy
   and cause terrible harm.
   It affects your AC (+5).
   It lets you see invisible.
   It lets you go berserk.
Armour
 k - a +1 buckler (worn)
Magical Staves
 A - an uncursed staff of wizardry
 U - an uncursed staff of air
Jewellery
 c - a ring of poison resistance (left tentacle)
 n - an uncursed ring of wizardry
 u - a +4 ring of evasion (on tentacle)
 w - a ring of positive energy (right tentacle)
 z - the ring "Kareck Ciog" (on tentacle) {*Contam +Inv rC+ rN+ Int+3}
   (You found it in a Gauntlet)

   [ring of protection from cold]

   It affects your intelligence (+3).
   It protects you from cold.
   It protects you from negative energy.
   It lets you turn invisible.
   It causes magical contamination when unequipped.
 F - the amulet "Oseamuux" (around mantle) {Regen+ Int+2 Dex+6}
   (You took it off a centaur on level 11 of the Dungeon)

   [amulet of regeneration]

   It affects your intelligence (+2).
   It affects your dexterity (+6).
   It increases your rate of regeneration.
 H - a +2 ring of evasion (on tentacle)
 L - an uncursed ring of positive energy
 M - the ring of Koollos (on tentacle) {rC+ EV+5}
   (You took it off an orc knight on level 11 of the Dungeon)

   [ring of evasion]

   It affects your evasion (+5).
   It protects you from cold.
 N - a ring of protection from fire (on tentacle)
 W - a ring of magical power (on tentacle)
Wands
 h - a wand of disintegration (13)
 t - a wand of paralysis (24)
 G - a wand of acid (15)
 P - a wand of digging (13)
 S - a wand of iceblast (11)
 V - a wand of scattershot (5)
Scrolls
 a - 4 scrolls of enchant armour
 i - 6 scrolls of identify
 j - a scroll of brand weapon
 l - 2 scrolls of magic mapping
 p - 5 scrolls of fear
 s - 16 scrolls of remove curse
 x - 9 scrolls of teleportation
 y - 3 scrolls of enchant weapon
 B - 2 scrolls of silence
 C - 3 scrolls of blinking
 I - 2 scrolls of fog
 X - 2 scrolls of amnesia
 Y - 2 scrolls of vulnerability
 Z - 2 scrolls of immolation
Potions
 e - 10 potions of curing
 f - 3 potions of heal wounds
 g - 4 potions of brilliance
 o - 5 potions of agility
 r - 3 potions of flight
 v - 2 potions of might
 D - 3 potions of haste
 J - a potion of ambrosia
 R - a potion of resistance
 T - a potion of mutation
Books
 q - a manual of Charms
Comestibles
 b - 35 rations
 m - 10 chunks of flesh


   Skills:
 - Level 5.0 Fighting
 - Level 4.0 Short Blades
 - Level 2.5 Staves
 * Level 9.4 Dodging
 - Level 11.0 Stealth
 - Level 5.0 Shields
 - Level 14.0 Spellcasting
 - Level 9.0 Conjurations
 - Level 9.1 Hexes
 - Level 9.3 Fire Magic
 - Level 9.1 Ice Magic
 - Level 9.0 Air Magic
 - Level 9.0 Earth Magic
 - Level 5.0 Poison Magic
 * Level 2.9 Evocations


You had 18 spell levels left.
You knew the following spells:

 Your Spells              Type           Power        Failure   Level  Hunger
a - Flame Tongue          Conj/Fire      #####        1%          1    None
b - Iron Shot             Conj/Erth      ######....   2%          6    ####...
c - Sticky Flame          Conj/Fire      ######..     1%          4    None
d - Mephitic Cloud        Conj/Pois/Air  ######..     1%          3    None
e - Confuse               Hex            ######..     1%          3    None
f - Freezing Cloud        Conj/Ice/Air   ######....   2%          6    ####...
g - Conjure Flame         Conj/Fire      ######..     1%          3    None

Your spell library contained the following spells:

 Spells                   Type           Power        Failure   Level  Hunger
 Ozocubu's Refrigeration  Ice            ######....   2%          6    ####...
 Confusing Touch          Hex            ######       1%          1    None
 Magic Dart               Conj           ####         1%          1    None
 Sting                    Conj/Pois      ####         1%          1    None
 Poisonous Vapours        Pois/Air       ######       1%          2    None
 Searing Ray              Conj           ######       1%          2    None
 Throw Flame              Conj/Fire      ######       1%          2    None
 Dazzling Spray           Conj/Hex       ######       1%          3    None
 Inner Flame              Hex/Fire       ######..     1%          3    None
 Force Lance              Conj/Tloc      #####...     1%          4    None
 Fulminant Prism          Conj/Hex       ######....   1%          4    None
 Iskenderun's Mystic Bla  Conj           ######..     1%          4    None
 Olgreb's Toxic Radiance  Pois           #####...     1%          4    None
 Throw Icicle             Conj/Ice       ######..     1%          4    None
 Bolt of Magma            Conj/Fire/Erth ######....   1%          5    None
 Fireball                 Conj/Fire      ######....   1%          5    None
 Metabolic Englaciation   Hex/Ice        ######....   1%          5    None
 Venom Bolt               Conj/Pois      ######....   1%          5    None
 Animate Skeleton         Necr           N/A          2%          1    None
 Pain                     Necr           ###.         2%          1    None
 Summon Small Mammal      Summ           ###.         2%          1    None
 Petrify                  Tmut/Erth      #####...     3%          4    None
 Summon Lightning Spire   Summ/Air       #####...     3%          4    None
 Iskenderun's Battlesphe  Conj/Chrm      #####...     3%          5    None
 Yara's Violent Unravell  Hex/Tmut       #####.....   3%          5    None
 Gell's Gravitas          Tloc           ###.......   8%          3    None
 Regeneration             Chrm/Necr      ###.......   8%          3    None
 Vampiric Draining        Necr           ###.......   8%          3    None
 Orb of Destruction       Conj           ######....   13%         7    #####..
 Animate Dead             Necr           N/A          24%         4    None
 Spellforged Servitor     Conj/Summ      #####.....   58%         7    #####..
 Ring of Flames           Chrm/Fire      #####.....   97%         7    #####..


Dungeon Overview and Level Annotations

Branches:
Dungeon (11/15)            Temple (1/1) D:5            Lair (6/6) D:10
 Shoals (0/4) Lair:4       Spider (0/4) Lair:2        Slime (0/5) Lair:5
    Orc (2/2) D:11            Elf (3/3) Orc:2

Altars:
Ashenzari
Cheibriados
Dithmenos
Elyvilon
Fedhas
Gozag
Hepliaklqana
Kikubaaqudgha
Makhleb
Nemelex Xobeh
Okawaru
Qazlal
Ru
Sif Muna
Trog
Uskayaw
Vehumet
Wu Jian
Xom
Yredelemnul
Zin
The Shining One
Beogh

Shops:
D:4 (   D:10 %   Orc:1 %:   Orc:2 =(:   Elf:3 !(

Annotations:
D:9 3 runed translucent doors, armu12's ghost, novice HOMo
Orc:1 3 runed translucent doors, Xiwk's ghost, journeyman DsGl; robertstho's ghost, journeyman GrFi; sauceror's ghost, journeyman FoFi; xfalz's ghost, journeyman HOMo
Elf:2 3 runed translucent doors


Innate Abilities, Weirdness & Mutations

You cannot wear most types of armour.
You are very stealthy in the water. (Stealth+)
You are amphibious.
You can wear up to eight rings at the same time.
You can use your tentacles to constrict eight enemies at once.
Your skin changes colour to match your surroundings (Stealth+).
Your rubbery body absorbs attacks. (AC +1, EV +1)


Message History

The stinking cloud engulfs the deep elf blademaster but does no damage.
The deep elf blademaster is lightly wounded.
The stinking cloud engulfs you but does no damage.
You hear a shout!
The deep elf blademaster is engulfed in noxious fumes.
The deep elf blademaster hits you with a +0 rapier!!
* * * LOW HITPOINT WARNING * * *
You block the deep elf blademaster's attack.
The deep elf blademaster is engulfed in freezing vapours.
You feel much better.
The deep elf blademaster is engulfed in noxious fumes.
The deep elf blademaster hits you with a +0 rapier!
* * * LOW HITPOINT WARNING * * *
You block the deep elf blademaster's attack.
The deep elf blademaster is engulfed in freezing vapours.
The deep elf blademaster is engulfed in noxious fumes.
The deep elf blademaster hits you with a +0 rapier.
* * * LOW HITPOINT WARNING * * *
The deep elf blademaster hits you with a +0 rapier!!
You die...

##
#.#).###################
#
#......)................
##."....#)..)).8(.8..8..
#
##....).#..............
# #....[.##...####'####.
# #.#=[.....###§§.... #
#.##.(..###§§§8§§.8. #
#.[)#..##§.§e§§§§.....
#...#.##.@e§###....##.
#(....#..○### ..
#....##..## #..|.#...#
#(..##..## #.8.#.).#
#(..#.8.## #.[.#....#
#.8))[...#


You could see 2 deep elf blademasters.

Vanquished Creatures
  Jorgrun (Orc:2)
  2 deep elf blademasters (Elf:3)
  A deep elf master archer (Elf:3)
  6 deep elf sorcerers
  2 deep elf elementalists (Elf:3)
  6 deep elf demonologists
  A minotaur (Gauntlet)
  A dire elephant (Lair:6)
  6 deep elf annihilators (Elf:3)
  8 deep elf death magi
  A fire dragon (Lair:6)
  Josephine (Lair:5)
  3 deep elf high priests
  A centaur warrior (D:11)
  5 hydras
  A catoblepas (Lair:6)
  8 dancing weapons
  13 two-headed ogres (Orc:2)
  4 ogre magi (Orc:2)
  3 death yaks (Lair:6)
  6 deep elf knights
  Sonja (Lair:3)
  An unseen horror (D:11)
  A swamp dragon (Lair:6)
  A lindwurm (Lair:6)
  13 deep elf archers
  An orb spider (Lair:2)
  An orc knight (D:11)
  3 manticores
  4 cyclopes (D:11)
  2 oklob plants (D:11)
  38 deep elf magi
  2 ugly things (D:11)
  An orc sorcerer (Orc:2)
  6 elephants (Lair:6)
  4 black mambas
  11 spiny frogs
  6 rime drakes
  4 komodo dragons
  4 trolls
  A hornet (D:10)
  The ghost of ezpacito the Shield-Bearer, an amateur DsFi (D:4)
  A blink frog (Lair:6)
  10 dream sheep
  A raiju (Gauntlet)
  An air elemental (Elf:2)
  9 hippogriffs
  40 yaks
  5 wyverns
  A water elemental (Elf:3)
  A basilisk (Lair:6)
  4 wraiths (Lair:5)
  4 fire elementals
  Eustachio (D:5)
  2 steam dragons
  A hungry ghost (D:11)
  Menkaure (D:5)
  2 wargs
  4 acid dragons
  A soldier ant (D:11)
  15 water moccasins
  6 sky beasts
  A hornet zombie (D:8)
  2 swamp drakes (Lair:6)
  7 porcupines
  3 phantoms
  6 ice beasts
  13 orc warriors
  A necrophage (D:5)
  17 wolves
  24 ogres
  14 centaurs
  14 crocodiles
  9 big kobolds
  A bullfrog (shapeshifter) (D:11)
  8 bullfrogs
  3 earth elementals
  A water moccasin zombie (D:8)
  4 scorpions
  13 killer bees
  A jelly (D:11)
  A crimson imp (D:11)
  A bullfrog zombie (D:8)
  A quasit (D:10)
  A centaur zombie (D:8)
  4 bullfrog skeletons
  11 orc priests
  5 hounds
  9 orc wizards
  3 centaur skeletons
  2 gnoll shamans (D:4)
  4 iguanas
  8 worker ants
  11 gnolls
  11 adders
  2 river rats (Sewer)
  3 shadow imps
  2 adder zombies
  3 worms
  4 dart slugs
  6 leopard geckos
  52 orcs
  5 bats
  4 giant cockroaches
  3 goblins (D:1)
  5 hobgoblins
  4 jackals
  29 kobolds
  3 quokkas (D:3)
  6 ball pythons
  3 frilled lizards
  A leopard gecko skeleton (D:4)
  A quokka skeleton (D:6)
  29 rats
  2 crawling corpses (Elf:2)
677 creatures vanquished.

Vanquished Creatures (collateral kills)
  2 killer bees (D:7)
2 creatures vanquished.

Vanquished Creatures (others)
  A deep elf elementalist (Elf:3)
  A killer bee (D:9)
  18 fungi
  42 plants
  A withered plant (Orc:1)
63 creatures vanquished.

Grand Total: 742 creatures vanquished

Notes
Turn   | Place    | Note
-------+----------+-------------------------------------------
     0 | D:1      | Deaus the Octopode Fire Elementalist began the quest for
                  | the Orb.
     0 | D:1      | Reached XP level 1. HP: 11/11 MP: 3/3
   202 | D:1      | Reached XP level 2. HP: 17/17 MP: 0/5
   796 | D:2      | Noticed a crimson imp
   804 | D:2      | Reached XP level 3. HP: 13/22 MP: 0/6
  1427 | D:2      | Found a snail-covered altar of Cheibriados.
  1550 | D:2      | Learned a level 3 spell: Conjure Flame
  1985 | D:2      | Reached XP level 4. HP: 27/27 MP: 4/7
  2571 | D:3      | Found a blossoming altar of Fedhas.
  2571 | D:3      | Found an ancient bone altar of Kikubaaqudgha.
  2920 | D:4      | Found Caal's Antique Weapon Emporium.
  3061 | D:4      | Reached XP level 5. HP: 16/32 MP: 5/9
  3371 | D:3      | Reached skill level 1 in Fighting
  3472 | D:4      | Noticed a +0 hand axe
  3475 | D:4      | Noticed a +0 hand axe
  3502 | D:4      | Found a hide-covered altar of Uskayaw.
  3514 | D:4      | Reached skill level 3 in Spellcasting
  3630 | D:4      | Reached skill level 1 in Shields
  3700 | D:4      | Reached XP level 6. HP: 17/38 MP: 0/10
  3865 | D:4      | Found a transporter.
  3901 | D:4      | Found a transporter.
  3926 | D:4      | Noticed ezpacito's ghost (amateur DsFi)
  4060 | D:4      | Learned a level 4 spell: Sticky Flame
  4194 | D:5      | Entered Level 5 of the Dungeon
  4263 | D:5      | Noticed a necrophage
  4317 | D:5      | Noticed Eustachio
  4502 | D:5      | Reached XP level 7. HP: 43/43 MP: 3/12
  4700 | D:5      | Reached skill level 1 in Evocations
  5070 | D:5      | Killed Eustachio
  5070 | D:5      | Reached skill level 5 in Fire Magic
  5149 | D:5      | Learned a level 3 spell: Mephitic Cloud
  5194 | D:5      | Reached skill level 4 in Spellcasting
  5322 | D:5      | Noticed Menkaure
  5325 | D:5      | Found a staircase to the Ecumenical Temple.
  5451 | Temple   | Entered the Ecumenical Temple
  5605 | D:5      | Reached XP level 8. HP: 44/50 MP: 6/14
  5668 | D:5      | Killed Menkaure
  5668 | D:5      | Reached skill level 1 in Poison Magic
  6003 | D:6      | Reached skill level 1 in Short Blades
  6003 | D:6      | Reached skill level 1 in Air Magic
  6129 | D:6      | Reached skill level 5 in Stealth
  6355 | D:6      | Found a glowing drain.
  6370 | Sewer    | Entered a sewer
  7003 | Sewer    | Reached XP level 9. HP: 39/55 MP: 1/16
  7410 | D:6      | Found a bloodstained altar of Trog.
  7769 | D:4      | Paralysed by a gnoll for 3 turns
  7794 | D:4      | Reached skill level 5 in Spellcasting
  7899 | D:4      | Killed ezpacito's ghost
  8638 | D:7      | Found a shadowy altar of Dithmenos.
  8721 | D:7      | Reached skill level 5 in Conjurations
  9791 | D:8      | Reached XP level 10. HP: 44/63 MP: 7/18
  9813 | D:8      | Reached skill level 6 in Spellcasting
 10215 | D:8      | Found a hazy altar of Hepliaklqana.
 10636 | D:8      | Upgraded the game from 0.24-a0-201-gf205589 to
                  | 0.24-a0-232-g49d9ff8
 10809 | D:9      | Found a burning altar of Makhleb.
 10902 | D:9      | Got a shimmering dagger
 10908 | D:9      | Identified the +4 dagger "Yxusiyc" {pierce, MR+ Str+2} (You
                  | found it on level 9 of the Dungeon)
 10938 | D:9      | Found a radiant altar of Vehumet.
 10947 | D:9      | Became a worshipper of Vehumet
 10958 | D:9      | Found an opulent altar of Gozag.
 11285 | D:9      | Noticed a nine-headed hydra
 11286 | D:9      | Found a runed translucent gate.
 11286 | D:9      | Found a runed translucent gate.
 11286 | D:9      | Noticed armu12's ghost (novice HOMo)
 11287 | D:9      | Found a runed translucent gate.
 11287 | D:9      | Noticed a nine-headed hydra
 12160 | D:9      | Reached skill level 5 in Dodging
 12347 | D:10     | Entered Level 10 of the Dungeon
 12358 | D:10     | Reached * piety under Vehumet
 12358 | D:10     | Offered knowledge of Sandblast by Vehumet.
 12510 | D:10     | Found Ugyeruz's Food Emporium.
 13016 | D:10     | Reached skill level 7 in Spellcasting
 13028 | D:10     | Reached XP level 11. HP: 61/69 MP: 5/21
 13143 | D:10     | Reached skill level 5 in Poison Magic
 13343 | D:10     | Found a staircase to the Lair.
 13876 | D:11     | Found a staircase to the Orcish Mines.
 13878 | D:11     | Offered knowledge of Magic Dart by Vehumet.
 13952 | D:11     | Reached ** piety under Vehumet
 14086 | D:11     | Noticed a cyclops
 14087 | D:11     | Noticed a centaur warrior
 14096 | D:11     | Killed a centaur warrior
 14305 | D:11     | Identified the ring of Koollos {rC+ EV+5}
 14305 | D:11     | Noticed an orc knight
 14324 | D:11     | Killed an orc knight
 14329 | D:11     | Paralysed by a crimson imp for 7 turns
 14434 | D:11     | Noticed a cyclops
 14441 | D:11     | Identified the amulet "Oseamuux" {Regen+ Int+2 Dex+6}
 14447 | D:11     | Killed a cyclops
 14449 | D:11     | Noticed a cyclops
 14449 | D:11     | Noticed a manticore
 14664 | D:11     | Killed a cyclops
 14664 | D:11     | Reached skill level 8 in Spellcasting
 14872 | D:11     | Noticed a brown ugly thing
 14961 | Lair:1   | Entered Level 1 of the Lair of Beasts
 14961 | Lair:1   | Noticed an eight-headed hydra
 14982 | Lair:1   | Offered knowledge of Searing Ray by Vehumet.
 15238 | Lair:1   | Learned a level 3 spell: Confuse
 15238 | Lair:1   | Upgraded the game from 0.24-a0-232-g49d9ff8 to
                  | 0.24-a0-235-g3f03afc
 15364 | Lair:1   | Reached *** piety under Vehumet
 15424 | Lair:1   | Reached XP level 12. HP: 67/74 MP: 14/24
 15465 | Lair:1   | Reached skill level 1 in Hexes
 16184 | Lair:2   | Reached skill level 10 in Stealth
 16349 | Lair:2   | Found a bloodstained altar of Trog.
 16430 | Lair:2   | Found a hole to the Spider Nest.
 17143 | Lair:1   | Offered knowledge of Ignite Poison by Vehumet.
 18052 | Lair:3   | Identified Eceguuc's Volume of Virous Flames
 18154 | Lair:3   | Reached skill level 5 in Hexes
 18533 | Lair:3   | Noticed Sonja
 18585 | Lair:3   | Killed Sonja
 19121 | Lair:4   | Found a staircase to the Shoals.
 19166 | Lair:4   | Reached **** piety under Vehumet
 19336 | Lair:4   | Offered knowledge of Iskenderun's Battlesphere by Vehumet.
 19711 | Lair:4   | Reached XP level 13. HP: 79/79 MP: 12/25
 20189 | Lair:5   | Found a gate leading to a gauntlet.
 20200 | Gauntlet | Entered a Gauntlet
 20200 | Gauntlet | Found a transporter.
 20209 | Gauntlet | Found a transporter.
 20211 | Gauntlet | Found a transporter.
 20212 | Gauntlet | Found a transporter.
 20219 | Gauntlet | Found a transporter.
 20220 | Gauntlet | Found a transporter.
 20228 | Gauntlet | Found a runed translucent door.
 20231 | Gauntlet | Found a transporter.
 20240 | Gauntlet | Found a transporter.
 20252 | Gauntlet | Found a transporter.
 20270 | Gauntlet | Found a transporter.
 20274 | Gauntlet | Found a transporter.
 20286 | Gauntlet | Found a transporter.
 20473 | Gauntlet | Got an ancient silver ring
 20568 | Gauntlet | Noticed a minotaur
 20617 | Gauntlet | Killed a minotaur
 20713 | Gauntlet | Identified the ring "Kareck Ciog" {*Contam +Inv rC+ rN+
                  | Int+3} (You found it in a Gauntlet)
 20751 | Lair:5   | Reached skill level 1 in Staves
 21354 | Lair:5   | Found a staircase to the Slime Pits.
 21417 | Lair:5   | Noticed Josephine
 22107 | Lair:5   | Killed Josephine
 22309 | Lair:6   | Entered Level 6 of the Lair of Beasts
 22348 | Lair:5   | Upgraded the game from 0.24-a0-235-g3f03afc to
                  | 0.24-a0-243-g8f5f5cd
 22414 | Lair:5   | Learned a level 6 spell: Freezing Cloud
 22421 | Lair:5   | Learned a level 6 spell: Iron Shot
 22765 | Lair:6   | Reached ***** piety under Vehumet
 22844 | Lair:6   | Offered knowledge of Iskenderun's Mystic Blast by Vehumet.
 22864 | Lair:6   | Reached skill level 1 in Ice Magic
 23472 | Lair:6   | Upgraded the game from 0.24-a0-243-g8f5f5cd to
                  | 0.24-a0-244-ga6a6ab7
 23964 | Lair:6   | Reached skill level 9 in Spellcasting
 24737 | Lair:6   | Reached skill level 5 in Fighting
 24766 | Lair:6   | Noticed a fire dragon
 24804 | Lair:6   | Killed a fire dragon
 24804 | Lair:6   | Reached skill level 5 in Shields
 24804 | Lair:6   | Reached XP level 14. HP: 45/88 MP: 6/27
 25309 | Lair:6   | Noticed a dire elephant
 25348 | Lair:6   | Killed a dire elephant
 25348 | Lair:6   | Reached skill level 5 in Air Magic
 25736 | Lair:6   | Upgraded the game from 0.24-a0-244-ga6a6ab7 to
                  | 0.24-a0-250-g6074511
 26096 | Orc:1    | Entered Level 1 of the Orcish Mines
 26121 | D:11     | Reached skill level 1 in Earth Magic
 26483 | D:11     | Reached skill level 5 in Ice Magic
 26895 | D:11     | Found a blossoming altar of Fedhas.
 27531 | Orc:1    | Found Luef's Food Emporium.
 27571 | Orc:1    | Upgraded the game from 0.24-a0-250-g6074511 to
                  | 0.24-a0-269-g32ec7ca
 27733 | Orc:1    | Found a runed translucent gate.
 27733 | Orc:1    | Found a runed translucent gate.
 27733 | Orc:1    | Found a runed translucent gate.
 27733 | Orc:1    | Noticed xfalz's ghost (journeyman HOMo)
 27733 | Orc:1    | Noticed sauceror's ghost (journeyman FoFi)
 27733 | Orc:1    | Noticed robertstho's ghost (journeyman GrFi)
 27733 | Orc:1    | Noticed Xiwk's ghost (journeyman DsGl)
 27881 | Orc:2    | Entered Level 2 of the Orcish Mines
 27881 | Orc:2    | Noticed Jorgrun
 27968 | Orc:2    | Found a staircase to the Elven Halls.
 28217 | Orc:1    | Found Tiywuyri's Book Shop.
 28525 | Orc:2    | Offered knowledge of Lee's Rapid Deconstruction by Vehumet.
 28711 | Orc:2    | Found a roughly hewn altar of Beogh.
 28751 | Orc:2    | Killed Jorgrun
 29034 | Orc:2    | Reached XP level 15. HP: 85/92 MP: 2/28
 29461 | Orc:2    | Upgraded the game from 0.24-a0-269-g32ec7ca to
                  | 0.24-a0-280-g7cec4da
 29516 | Orc:2    | Found Kuitwom's Book Shoppe.
 29516 | Orc:2    | Found Tuevik's Antique Weapon Shop.
 29596 | Orc:2    | Found Oteck's General Store.
 29596 | Orc:2    | Found Gaoli's Jewellery Emporium.
 29616 | Orc:2    | Bought an uncursed ring of magical power for 240 gold
                  | pieces
 29927 | Elf:1    | Entered Level 1 of the Elven Halls
 29984 | Elf:1    | Reached skill level 5 in Earth Magic
 30194 | Elf:1    | Noticed a deep elf sorcerer
 30200 | Elf:1    | Killed a deep elf sorcerer
 30237 | Elf:1    | Identified the Papyrus of Creative Attacks
 30352 | Elf:2    | Noticed a deep elf sorcerer
 30476 | Elf:2    | Killed a deep elf sorcerer
 30952 | Elf:1    | Found a deep blue altar of Sif Muna.
 31449 | Elf:1    | You fall through a shaft!
 31891 | Elf:2    | Found a runed translucent gate.
 31891 | Elf:2    | Found a runed translucent gate.
 31893 | Elf:2    | Found a runed translucent gate.
 32328 | Elf:2    | Offered knowledge of Ozocubu's Refrigeration by Vehumet.
 32328 | Elf:2    | Reached skill level 10 in Spellcasting
 32328 | Elf:2    | Reached XP level 16. HP: 98/98 MP: 30/30
 32552 | Elf:3    | Entered Level 3 of the Elven Halls
 32716 | Elf:3    | Found Maaklept's Distillery.
 33004 | Elf:3    | Found Sinlimoc's Weapon Boutique.
 33029 | Elf:3    | Reached skill level 11 in Spellcasting
 33635 | Elf:3    | Reached skill level 12 in Spellcasting
 34217 | Elf:3    | Noticed a deep elf master archer
 34272 | Elf:3    | Killed a deep elf master archer
 34278 | Elf:3    | Noticed a deep elf master archer
 34281 | Elf:3    | Noticed a deep elf blademaster
 34425 | Elf:3    | Noticed a deep elf blademaster
 34427 | Elf:3    | Cast into level 2 of the Abyss (a deep elf sorcerer)
 34506 | Elf:3    | Escaped the Abyss
 34626 | Elf:3    | Reached skill level 13 in Spellcasting
 35025 | Elf:3    | Identified the +11 spear "Cazetir" {flame, rElec rF- Str+8}
 35106 | Elf:3    | Noticed a deep elf blademaster
 35114 | Elf:3    | Killed a deep elf blademaster
 35337 | Elf:3    | Identified the cursed +0 short sword "Gauril" {venom, +Fly
                  | rF+ Str-4}
 35370 | Elf:3    | Identified the amulet "Duinlora" {+Rage rF- MR++}
 35447 | Elf:3    | Identified the +8 great sword of Gehenna {drain, *Noise
                  | +Inv rN+ Dex+4}
 35584 | Elf:3    | Killed a deep elf blademaster
 35736 | Elf:3    | Reached skill level 14 in Spellcasting
 35736 | Elf:3    | Reached XP level 17. HP: 70/103 MP: 27/35
 35923 | Elf:3    | Noticed a deep elf blademaster
 35928 | Elf:3    | Identified the +1 chain mail of Too Many Cooks {-Cast +Inv
                  | Dex+5}
 35932 | Elf:3    | Demolished by a deep elf blademaster

Levels and vault maps discovered:
D:1:      lightli_arrival_noodles, layout_basic, minmay_misc_feat_square
D:2:      layout_basic, kennysheep_slug_shrine
D:3:      layout_rooms, grunt_temple_overflow_growth_and_decay, first_ration
D:4:      layout_rooms, dancing_weapons_uskayaw, serial_shops, shop,
          gammafunk_ghost_gnarly_gnolls, dk_vineyard_1
D:5:      layout_basic, minmay_temple_entry_slanted, uniq_eustachio,
          uniq_menkaure
D:6:      layout_basic, lemuel_coloured_pillars_altar, portal_sewer_entry_b
D:7:      layout_loops_cross, grunt_dithmenos_smoke_and_mirrors,
          kennysheep_generic_room_15
D:8:      layout_loops_ring, basic_altar
D:9:      layout_layer_cave, overflow_temple_1_default, old_standard_altar,
          vehumet_crystals, gammafunk_ghost_hydra_chop
D:10:     layout_layer_cave, david_lair_shrubbed, serial_shops, kennysheep_mini
D:11:     layout_roguey, orc_0_dummy, hangedman_ranch [blue_anna_fruit_fields],
          hangedman_tree_tricks, minmay_the_grid_square_5x5_3x3_mashed
          [minmay_the_grid_square_5x5_comb,
          minmay_the_grid_square_5x5_inverted_slash,
          minmay_the_grid_square_5x5_fat_x, minmay_the_grid_square_5x5_forky,
          minmay_the_grid_square_5x5_megaprize_crossed,
          minmay_the_grid_square_5x5_meh, minmay_the_grid_square_5x5_z,
          minmay_the_grid_square_5x5_corner,
          minmay_the_grid_square_5x5_checkered]
Temple:   dshaligram_water_room_temple
Lair:1:   layout_loops_ring, grunt_megastairs_1, infiniplex_staircase_pool
Lair:2:   layout_loops_ring, nicolae_spider_entry_orb_guardian, basic_altar,
          minmay_holes, hibernation_bobbens, serial_bayou_shore_b
Lair:3:   layout_hall_layers, beast_lair_carwin_11, grunt_megastairs_2,
          uniq_sonja
Lair:4:   layout_roguey, minmay_shoals_entry_centaurs, minivault_23,
          cheibrodos_lair_reptile_den
Lair:5:   layout_loops_ring, slime_dummy, gauntlet_entry_generic,
          grunt_megastairs_3, uniq_josephine
Lair:6:   guppyfry_lair_end_dragon, layout_regular_city,
          hangedman_lair_in_review, patterned_corridor,
          infiniplex_staircase_pool_2
Orc:1:    layout_caves, gammafunk_ghost_cemetery, serial_shops, shop,
          nicolae_shop_competitors_out_of_business
Orc:2:    st_orc_ogre_mass, layout_caves, special_room, mines2_david,
          uniq_jorgrun
Elf:1:    layout_loops_corners, basic_altar, minmay_elf_sorcery,
          nicolae_elf_big_sculpture_1
Elf:2:    layout_geoelf_octagon, serial_sigils_hangedman_gnaw, uniq_donald
Elf:3:    minmay_elf_hall_statues, layout_geoelf_diagonals, serial_shops,
          nicolae_shop_trees, nicolae_shop_trees
Sewer:    sewer_minmay_treatment
Gauntlet: minmay_gauntlet_mixed_oops_all_seconds [minmay_gauntlet_arena_77_fan,
          gammafunk_gauntlet_arena_open, minmay_gauntlet_arena_77_two_lines,
          gammafunk_gauntlet_arena_teeth, minmay_gauntlet_arena_77_path,
          gammafunk_gauntlet_arena_arrow_garden, gauntlet_exit_spiral]

Skill      XL: |  1  2  3  4  5  6  7  8  9 10 11 12 13 14 15 16 17 |
---------------+----------------------------------------------------+-----
Stealth        | 3 4 5 6 7 9 10 11 | 11.0
Fire Magic     | 4 5 6 7 8 9 |  9.3
Conjurations   | 2 3 4 5 6 7 8 9 |  9.0
Fighting       | 1 2 3 4 5 |  5.0
Spellcasting   | 3 4 5 7 8 9 10 14 | 14.0
Shields        | 1 2 3 4 5 |  5.0
Evocations     | 1 2 |  2.9
Dodging        | 3 4 5 6 8 9 |  9.4
Poison Magic   | 2 3 4 5 |  5.0
Short Blades   | 1 2 3 4 |  4.0
Air Magic      | 1 2 3 4 8 9 |  9.0
Hexes          | 8 9 |  9.1
Staves         | 2 |  2.5
Ice Magic      | 2 7 9 |  9.1
Earth Magic    | 4 9 |  9.0

Action                   |  1- 3 |  4- 6 |  7- 9 | 10-12 | 13-15 | 16-18 || total
-------------------------+-------+-------+-------+-------+-------+-------++-------
Melee: Dagger            |     9 |    23 |    44 |   162 |   320 |    32 ||   590
       Constrict         |     5 |     5 |    10 |    18 |    34 |     6 ||    78
       Tentacles         |     2 |     4 |     8 |    31 |    91 |     9 ||   145
       Unarmed           |     1 |       |       |       |       |       ||     1
 Cast: Flame Tongue      |    66 |   104 |   216 |   339 |   282 |       ||  1007
       Conjure Flame     |       |     3 |     1 |     3 |     1 |       ||     8
       Sticky Flame      |       |     1 |    22 |   108 |   183 |     3 ||   317
       Mephitic Cloud    |       |       |     8 |    25 |    12 |     9 ||    54
       Confuse           |       |       |       |     3 |       |       ||     3
       Freezing Cloud    |       |       |       |       |    80 |    48 ||   128
       Iron Shot         |       |       |       |       |    40 |    71 ||   111
Evoke: Wand              |       |       |     1 |       |     2 |       ||     3
  Use: Scroll            |     4 |     3 |     2 |       |    14 |     5 ||    28
       Potion            |     2 |       |     3 |       |    10 |     3 ||    18
 Stab: Sleeping          |       |       |     4 |    13 |     4 |     2 ||    23
       Confused          |       |       |     2 |    15 |    11 |     4 ||    32
       Distracted        |       |       |       |     1 |       |       ||     1
  Eat: Chunk             |     3 |    10 |    17 |    34 |    56 |    17 ||   137
       Ration            |       |       |     1 |     1 |     6 |     5 ||    13
Armor: Skin              |     4 |     2 |     6 |     8 |     5 |       ||    25
Dodge: Dodged            |    19 |    36 |    96 |   302 |   563 |    41 ||  1057
Block: Buckler           |       |    11 |    58 |    89 |   154 |    13 ||   325

Table legend:
 A = Non-vault XP
 B = Vault XP
 C = Vault XP percentage of total XP
 D = Non-vault monster count
 E = Vault monster count
 F = Vault count percentage of total count
                 A         B        C        D         E       F
            +---------+---------+-------+---------+---------+-------
      Total |   81380 |  107321 |  56.9 |     429 |     250 |  36.8
            +---------+---------+-------+---------+---------+-------
        D:1 |      28 |       0 |   0.0 |      14 |       0 |   0.0
        D:2 |      53 |       4 |   7.0 |      17 |       1 |   5.6
        D:3 |      81 |       0 |   0.0 |      13 |       0 |   0.0
        D:4 |     260 |     391 |  60.1 |      14 |       8 |  36.4
        D:5 |     592 |     369 |  38.4 |      14 |       2 |  12.5
        D:6 |     635 |       7 |   1.1 |       8 |       3 |  27.3
        D:7 |     933 |       0 |   0.0 |      29 |       0 |   0.0
        D:8 |    1584 |       0 |   0.0 |      19 |       0 |   0.0
        D:9 |    2631 |       0 |   0.0 |      31 |       0 |   0.0
       D:10 |    2931 |     372 |  11.3 |      30 |       1 |   3.2
       D:11 |    4371 |    9468 |  68.4 |      37 |      31 |  45.6
     Lair:1 |    5499 |     513 |   8.5 |      28 |       3 |   9.7
     Lair:2 |    1644 |    1849 |  52.9 |       9 |       6 |  40.0
     Lair:3 |     151 |    2497 |  94.3 |       1 |       8 |  88.9
     Lair:4 |    4547 |    1258 |  21.7 |      21 |       7 |  25.0
     Lair:5 |    4802 |    3702 |  43.5 |      19 |      12 |  38.7
     Lair:6 |    4350 |   14679 |  77.1 |      13 |      34 |  72.3
      Orc:1 |    1016 |       0 |   0.0 |      17 |       0 |   0.0
      Orc:2 |    1897 |   20748 |  91.6 |      27 |      44 |  62.0
      Elf:1 |    5946 |    6708 |  53.0 |      10 |      10 |  50.0
      Elf:2 |   21164 |    1799 |   7.8 |      33 |       2 |   5.7
      Elf:3 |   16265 |   40951 |  71.6 |      25 |      29 |  53.7
      Sewer |       0 |     484 | 100.0 |       0 |      47 | 100.0
   Gauntlet |       0 |    1522 | 100.0 |       0 |       2 | 100.0
            +---------+---------+-------+---------+---------+-------
